[Event "Guimaraes Open 2019"]
[Site "Guimaraes"]
[Date "2019.08.29"]
[Round "2.12"]
[White "Fernandes, Joao Pedro Murtinho"]
[Black "Galego, Luis"]
[Result "1/2-1/2"]
[ECO "B01"]
[WhiteElo "2044"]
[BlackElo "2506"]
[Annotator "ChessBase"]
[PlyCount "57"]
[EventDate "2019.08.28"]
[EventType "swiss"]
[EventCountry "POR"]
[SourceTitle "playchess.com"]
[Source "ChessBase"]
[SourceQuality "1"]
[TimeControl "5400+30"]

1. e4 d5 2. exd5 Qxd5 3. Nc3 Qd6 4. d4 Nf6 5. Nf3 a6 6. h3 Nc6 7. Bc4 Bf5 8. O-O e6 9. Re1 O-O-O 10. Be3 h6 11. Qe2 Nd5 12. Bxa6 Nxc3 13. bxc3 bxa6 14. Qxa6+ Kd7 15. Rad1 Ke8 16. Bf4 Qd7 17. d5 Nb8 18. Qa5 Bd6 19. g4 Bxc2 20. dxe6 fxe6 21. Rd2 Bg6 22. Ne5 Nc6 23. Nxc6 Qxc6 24. Rxe6+ Kf7 25. Rxg6 Rhe8 26. Qf5+ Kg8 27. Rxg7+ Kxg7 28. Bxh6+ Kxh6 29. Qf6+ 1/2-1/2

[Event "Guimaraes Open 2019"]
[Site "Guimaraes"]
[Date "2019.08.29"]
[Round "2.13"]
[White "Tilicheev, Viacheslav"]
[Black "Redondo Arguelles, Graciela"]
[Result "1-0"]
[ECO "D00"]
[WhiteElo "2482"]
[BlackElo "2021"]
[Annotator "ChessBase"]
[PlyCount "63"]
[EventDate "2019.08.28"]
[EventType "swiss"]
[EventCountry "POR"]
[SourceTitle "playchess.com"]
[Source "ChessBase"]
[SourceQuality "1"]
[TimeControl "5400+30"]

1. d4 d5 2. Bf4 Nf6 3. e3 c5 4. c3 e6 5. Nd2 Bd6 6. Bg3 Nc6 7. Ngf3 Nh5 8. Bxd6 Qxd6 9. Bb5 Nf6 10. Bxc6+ bxc6 11. Nb3 Nd7 12. dxc5 Nxc5 13. Nxc5 Qxc5 14. Qd4 Qxd4 15. cxd4 Rb8 16. b3 f6 17. Kd2 Bd7 18. Ne1 Ke7 19. Nd3 Kd6 20. f4 Rhc8 21. Rac1 Be8 22. Rc3 Bg6 23. Nc5 Bf5 24. g4 Bg6 25. h4 Rb4 26. h5 Be4 27. Rhc1 Bf3 28. Rg1 e5 29. dxe5+ fxe5 30. Nd3 d4 31. fxe5+ Ke7 32. Rcc1 1-0

[Event "Guimaraes Open 2019"]
[Site "Guimaraes"]
[Date "2019.08.29"]
[Round "2.14"]
[White "Carbonell Sancho, Marc"]
[Black "Camarena Jimenez, Rufino"]
[Result "1/2-1/2"]
[ECO "C16"]
[WhiteElo "2187"]
[BlackElo "2317"]
[Annotator "NA"]
[PlyCount "78"]
[EventDate "2019.08.28"]
[EventType "swiss"]
[EventCountry "POR"]
[SourceTitle "playchess.com"]
[Source "ChessBase"]
[SourceQuality "1"]
[TimeControl "5400+30"]

1. e4 e6 2. d4 d5 3. Nc3 Bb4 4. e5 Ne7 5. a3 Bxc3+ 6. bxc3 b6 7. f4 Ba6 8. Bxa6 Nxa6 9. Nf3 Nb8 10. Qd3 Nbc6 11. O-O h5 12. c4 dxc4 13. Qxc4 Qd5 14. Qd3 Na5 15. a4 Nf5 16. Rb1 O-O-O 17. Rb4 c5 18. Qa6+ Qb7 19. Qxb7+ Nxb7 20. dxc5 Nxc5 21. a5 Kc7 22. Kf2 Rd7 23. Be3 Rc8 24. axb6+ axb6 25. Rfb1 Kd8 26. Rc4 Rc6 27. Rb5 Rd5 28. Bxc5 Rdxc5 29. Rbxc5 Rxc5 30. Rxc5 bxc5 31. Ke2 f6 32. g3 Kd7 33. Kd3 Kc6 34. exf6 gxf6 35. Nd2 Nd6 36. Ne4 Ne8 37. h3 Kd5 38. c4+ Kc6 39. Ke3 f5 1/2-1/2

[Event "Guimaraes Open 2019"]
[Site "Guimaraes"]
[Date "2019.08.29"]
[Round "2.15"]
[White "Fidalgo, Daniel Neves"]
[Black "Fidalgo, Andre Neves"]
[Result "1/2-1/2"]
[ECO "A10"]
[WhiteElo "2089"]
[BlackElo "2261"]
[Annotator "NA"]
[PlyCount "172"]
[EventDate "2019.08.28"]
[EventType "swiss"]
[EventCountry "POR"]
[SourceTitle "playchess.com"]
[Source "ChessBase"]
[SourceQuality "1"]
[TimeControl "5400+30"]

1. c4 b6 2. Nc3 Bb7 3. e4 c5 4. d3 e6 5. g3 Be7 6. Bg2 Nf6 7. f4 d6 8. Nge2 a6 9. O-O Qc7 10. h3 Nc6 11. a3 O-O 12. g4 Nd7 13. Be3 Bf6 14. Qd2 Bd4 15. Ng3 Bxe3+ 16. Qxe3 Nd4 17. Rad1 b5 18. Nce2 Nxe2+ 19. Qxe2 Qd8 20. g5 Rb8 21. Qh5 g6 22. Qh6 Qe7 23. f5 Rfe8 24. fxg6 fxg6 25. cxb5 axb5 26. Rf2 Rf8 27. Rdf1 Rxf2 28. Rxf2 Ne5 29. Bf1 Nf7 30. Qh4 Qxg5 31. Qxg5 Nxg5 32. h4 Nf7 33. Bh3 Bc8 34. Ne2 Kf8 35. d4 Ke7 36. b4 cxd4 37. Nxd4 Ne5 38. Rc2 Bd7 39. Rc7 Kf6 40. Ra7 h6 41. Ra6 Nc4 42. Nf3 g5 43. Ra7 Rd8 44. Kf2 Ne5 45. Nd4 gxh4 46. Ra6 Rf8 47. Kg2 Rg8+ 48. Kh2 Nc4 49. Ra7 Rd8 50. Nf3 Ne5 51. Nd4 Rb8 52. Ra6 Nc4 53. Nf3 Rg8 54. Ra7 Rd8 55. Ra6 Be8 56. Nd4 Bd7 57. Nf3 Rb8 58. Ra7 Bc6 59. Nd4 Bxe4 60. Nxe6 Ra8 61. Rd7 Rxa3 62. Nd4 Ra2+ 63. Kg1 Ke5 64. Nxb5 Bf5 65. Bxf5 Kxf5 66. Nxd6+ Ke6 67. Rh7 Nxd6 68. Rxh6+ Ke5 69. Rxh4 Nf5 70. Rh2 Ra1+ 71. Kf2 Kf4 72. Rh3 Ra2+ 73. Ke1 Ne3 74. Rh8 Kf3 75. Rf8+ Ke4 76. Re8+ Kd4 77. b5 Nc4 78. Re2 Nb2 79. Re8 Nd3+ 80. Kf1 Rb2 81. b6 Rxb6 82. Ke2 Rb2+ 83. Kd1 Rh2 84. Re4+ Kc3 85. Rc4+ Kb2 86. Rc2+ Rxc2 1/2-1/2

[Event "Guimaraes Open 2019"]
[Site "Guimaraes"]
[Date "2019.08.29"]
[Round "2.16"]
[White "Lara Lopez, Sergio"]
[Black "Morato Tent, Francisco"]
[Result "1-0"]
[ECO "C54"]
[WhiteElo "2226"]
[BlackElo "1990"]
[Annotator "NA"]
[PlyCount "77"]
[EventDate "2019.08.28"]
[EventType "swiss"]
[EventCountry "POR"]
[SourceTitle "playchess.com"]
[Source "ChessBase"]
[SourceQuality "1"]
[TimeControl "5400+30"]

1. e4 e5 2. Nf3 Nc6 3. Bc4 Bc5 4. c3 Nf6 5. d3 a6 6. Bb3 d6 7. h3 h6 8. Nbd2 b5 9. Nf1 d5 10. Qe2 d4 11. g4 Qe7 12. Ng3 g6 13. Bd2 Be6 14. Rc1 Rd8 15. Bxe6 Qxe6 16. cxd4 Bxd4 17. b3 Qd6 18. Be3 Rd7 19. O-O h5 20. Nxd4 exd4 21. Bg5 Nh7 22. Bd2 hxg4 23. hxg4 f6 24. Rc2 Ng5 25. f4 Rdh7 26. a4 Nh3+ 27. Kg2 Nd8 28. e5 Qd5+ 29. Qe4 Qxb3 30. exf6+ Kd7 31. Rfc1 Ne6 32. f5 gxf5 33. gxf5 Nhf4+ 34. Bxf4 Nxf4+ 35. Kf3 Nd5 36. Rc5 c6 37. Qe6+ Kd8 38. Qd6+ Rd7 39. Qb8# {Rdh7 Qd6+ Kc8 Rxc6+ Kb7 Ke4} 1-0

[Event "Guimaraes Open 2019"]
[Site "Guimaraes"]
[Date "2019.08.29"]
[Round "2.17"]
[White "Santos, Jose Guilherme B Lim"]
[Black "Costa, Paulo"]
[Result "0-1"]
[ECO "B40"]
[WhiteElo "2213"]
[BlackElo "2186"]
[Annotator "NA"]
[PlyCount "120"]
[EventDate "2019.08.28"]
[EventType "swiss"]
[EventCountry "POR"]
[SourceTitle "playchess.com"]
[Source "ChessBase"]
[SourceQuality "1"]
[TimeControl "5400+30"]

1. e4 c5 2. Nf3 e6 3. g3 Nf6 4. Qe2 d5 5. d3 Be7 6. Bg2 O-O 7. O-O Nc6 8. e5 Nd7 9. c4 Nb6 10. b3 a5 11. a4 Bd7 12. Na3 Nb4 13. Nc2 Bc6 14. Nxb4 axb4 15. Bf4 Qc7 16. h4 Rfd8 17. Bh3 h6 18. g4 dxc4 19. dxc4 Bxf3 20. Qxf3 Bxh4 21. Bg2 Rd7 22. Qe3 Rad8 23. Be4 Rd4 24. a5 Nc8 25. Qf3 Ne7 26. Rfe1 Ng6 27. Bh2 Rd2 28. Bg3 Bxg3 29. Qxg3 Ra8 30. Bxg6 fxg6 31. Red1 Rxa5 32. Rxd2 Rxa1+ 33. Kh2 Qc6 34. Qg2 Qxg2+ 35. Kxg2 Re1 36. f4 Re3 37. Rd8+ Kf7 38. Rd7+ Kf8 39. Rxb7 Rxb3 40. Rb5 Rc3 41. Rxc5 b3 42. Rb5 Rxc4 43. Rxb3 Rxf4 44. Rb8+ Kf7 45. Rb7+ Kg8 46. Re7 Rxg4+ 47. Kf3 Rg5 48. Ke4 Rg4+ 49. Kf3 h5 50. Rxe6 Kf7 51. Ra6 Ke7 52. Rb6 Rg1 53. Kf4 Rg4+ 54. Kf3 Kf7 55. Ra6 Rb4 56. Ra7+ Ke6 57. Rxg7 Rg4 58. Ra7 Kxe5 59. Ra6 Kf5 60. Rb6 Ra4 0-1

[Event "Guimaraes Open 2019"]
[Site "Guimaraes"]
[Date "2019.08.29"]
[Round "2.18"]
[White "Soares, Luis Francisco Almei"]
[Black "Veiga, Jose Francisco R P N"]
[Result "0-1"]
[ECO "A41"]
[WhiteElo "2033"]
[BlackElo "2346"]
[Annotator "NA"]
[PlyCount "64"]
[EventDate "2019.08.28"]
[EventType "swiss"]
[EventCountry "POR"]
[SourceTitle "playchess.com"]
[Source "ChessBase"]
[SourceQuality "1"]
[TimeControl "5400+30"]

1. d4 d6 2. c4 e5 3. d5 f5 4. Nc3 Nf6 5. g3 g6 6. Bg2 Bg7 7. e4 O-O 8. exf5 gxf5 9. Bg5 h6 10. Bh4 Nbd7 11. Qc2 e4 12. Nge2 Ne5 13. Nf4 Qe8 14. Nce2 Nf3+ 15. Kf1 Nxh4 16. gxh4 e3 17. Nd4 Nh5 18. Nfe6 Bxd4 19. Nxd4 f4 20. Rg1 Kh8 21. Qc3 Nf6 22. fxe3 fxe3 23. Ke2 Qh5+ 24. Bf3 Qxh4 25. Raf1 Bh3 26. Bg2 Qg4+ 27. Kxe3 Bxg2 28. Rf4 Nxd5+ 29. cxd5 Qxf4+ 30. Ke2 Qf2+ 31. Kd3 Bf1+ 32. Ne2+ Qf6 {Kd4} 0-1

[Event "Guimaraes Open 2019"]
[Site "Guimaraes"]
[Date "2019.08.29"]
[Round "2.19"]
[White "Silva, Pedro Gil Ferreira D"]
[Black "Ruperez Benito, Antonio"]
[Result "0-1"]
[ECO "A06"]
[WhiteElo "1960"]
[BlackElo "2331"]
[Annotator "NA"]
[PlyCount "84"]
[EventDate "2019.08.28"]
[EventType "swiss"]
[EventCountry "POR"]
[SourceTitle "playchess.com"]
[Source "ChessBase"]
[SourceQuality "1"]
[TimeControl "5400+30"]

1. Nf3 d5 2. b3 c5 3. e3 Nf6 4. Bb2 e6 5. c4 Nc6 6. cxd5 exd5 7. Bb5 Bd7 8. O-O Bd6 9. d4 cxd4 10. Nxd4 O-O 11. Nd2 a6 12. Bd3 Re8 13. N2f3 Ne4 14. Rc1 Qe7 15. Bb1 Rad8 16. Qe2 Ne5 17. h3 Bb8 18. Rfd1 Qd6 19. Nxe5 Qxe5 20. f4 Qe7 21. Nf3 Ng3 22. Qf2 Qxe3 23. Qxe3 Rxe3 24. Kf2 Bxf4 25. Rxd5 Re2+ 26. Kg1 Bxc1 27. Bxc1 Rc8 28. Bf4 Rb2 29. Bxh7+ Kxh7 30. Bxg3 Bc6 31. Rd2 Rxd2 32. Nxd2 Bd5 33. Bf4 Rc2 34. a4 Rb2 35. a5 Bxb3 36. Nxb3 Rxb3 37. Bc7 Rb2 38. Bb6 Kg6 39. Kf1 f6 40. g3 Kf5 41. Ke1 Ke4 42. Kd1 Rxb6 0-1

[Event "Guimaraes Open 2019"]
[Site "Guimaraes"]
[Date "2019.08.29"]
[Round "2.20"]
[White "Sanchez Aller, Fernando"]
[Black "Ruiz De Alegria Garcia, Carlos"]
[Result "1-0"]
[ECO "C41"]
[WhiteElo "2331"]
[BlackElo "1858"]
[Annotator "NA"]
[PlyCount "31"]
[EventDate "2019.08.28"]
[EventType "swiss"]
[EventCountry "POR"]
[SourceTitle "playchess.com"]
[Source "ChessBase"]
[SourceQuality "1"]
[TimeControl "5400+30"]

1. e4 c6 2. d4 d6 3. Nc3 e5 4. Nf3 Nd7 5. Bc4 Be7 6. dxe5 dxe5 7. Ng5 Bxg5 8. Qh5 g6 9. Qxg5 Qxg5 10. Bxg5 h6 11. Bh4 Ngf6 12. a4 a5 13. f3 Nc5 14. Bxf6 Nd7 15. Bh4 O-O 16. Bg3 1-0

[Event "Guimaraes Open 2019"]
[Site "Guimaraes"]
[Date "2019.08.29"]
[Round "2.21"]
[White "Marques, Ricardo Taborda Trig"]
[Black "Forgas Moreno, Yaniela"]
[Result "1/2-1/2"]
[ECO "A80"]
[WhiteElo "1958"]
[BlackElo "2276"]
[Annotator "NA"]
[PlyCount "110"]
[EventDate "2019.08.28"]
[EventType "swiss"]
[EventCountry "POR"]
[SourceTitle "playchess.com"]
[Source "ChessBase"]
[SourceQuality "1"]
[TimeControl "5400+30"]

1. d4 f5 2. Bg5 h6 3. Bh4 g5 4. e3 Nf6 5. Bg3 d6 6. c4 Nc6 7. Nc3 e5 8. dxe5 Nxe5 9. Nf3 Qe7 10. Be2 Nxf3+ 11. gxf3 Be6 12. Qa4+ Bd7 13. Qb3 Bc6 14. O-O-O O-O-O 15. Rhe1 Nh5 16. f4 g4 17. Nd5 Qf7 18. Bh4 Re8 19. h3 gxh3 20. Rh1 Bxd5 21. cxd5 Nxf4 22. Bb5 c6 23. dxc6 Qxb3 24. cxb7+ Kxb7 25. axb3 Rc8+ 26. Kb1 Ng6 27. Bf6 Rh7 28. Rxh3 Ne5 29. Rh5 Rf7 30. Bxe5 dxe5 31. Rd5 Rc5 32. Rxc5 Bxc5 33. Rxh6 f4 34. exf4 Rxf4 35. f3 Rf8 36. Bc6+ Kc7 37. Be4 Bd4 38. Rc6+ Kd7 39. Rc4 Ke7 40. Ka2 Rh8 41. Rc2 Kf6 42. b4 Kg5 43. Kb3 Kf4 44. Re2 Rh3 45. Kc4 Rh1 46. Bd5 Rc1+ 47. Kd3 Rd1+ 48. Kc4 Be3 49. Be4 Rd4+ 50. Kc3 Rd1 51. b5 Rc1+ 52. Kd3 Bd4 53. Rg2 Rd1+ 54. Ke2 Rg1 55. Rxg1 Bxg1 1/2-1/2

[Event "Guimaraes Open 2019"]
[Site "Guimaraes"]
[Date "2019.08.29"]
[Round "2.22"]
[White "Garcia Dorado, Alberto"]
[Black "Hernandez Torralba, Sergio"]
[Result "1-0"]
[ECO "E67"]
[WhiteElo "2205"]
[BlackElo "1856"]
[Annotator "NA"]
[PlyCount "75"]
[EventDate "2019.08.28"]
[EventType "swiss"]
[EventCountry "POR"]
[SourceTitle "playchess.com"]
[Source "ChessBase"]
[SourceQuality "1"]
[TimeControl "5400+30"]

1. d4 Nf6 2. c4 g6 3. Nf3 Bg7 4. Nc3 d6 5. g3 O-O 6. Bg2 Nbd7 7. O-O e5 8. h3 c6 9. e4 Re8 10. Be3 exd4 11. Nxd4 Nc5 12. Qc2 a5 13. Rad1 Qe7 14. Rfe1 Be6 15. b3 Rad8 16. f4 Bc8 17. Bf2 Qc7 18. Rd2 Nh5 19. Red1 Bh6 20. Ndb5 cxb5 21. Nxb5 Qe7 22. Nxd6 Rxd6 23. Rxd6 Ne6 24. f5 Nd8 25. g4 Nf4 26. f6 Qf8 27. Bc5 Nde6 28. Ba3 Nxh3+ 29. Bxh3 Be3+ 30. Kh1 Qh6 31. Qg2 Bf4 32. R6d5 Bc7 33. Bd6 Bb6 34. c5 Bd8 35. Be5 Bxf6 36. Bxf6 b6 37. c6 Qf4 38. g5 1-0

[Event "Guimaraes Open 2019"]
[Site "Guimaraes"]
[Date "2019.08.29"]
[Round "2.23"]
[White "Garcia Sobrino, David"]
[Black "Ruiz de Alegria Madariaga, Carlo"]
[Result "1/2-1/2"]
[ECO "C45"]
[WhiteElo "2195"]
[BlackElo "1854"]
[Annotator "NA"]
[PlyCount "60"]
[EventDate "2019.08.28"]
[EventType "swiss"]
[EventCountry "POR"]
[SourceTitle "playchess.com"]
[Source "ChessBase"]
[SourceQuality "1"]
[TimeControl "5400+30"]

1. e4 e5 2. Nf3 Nc6 3. d4 exd4 4. Nxd4 Bc5 5. Be3 Qf6 6. c3 d6 7. Bc4 Nge7 8. O-O O-O 9. Nxc6 Nxc6 10. Bxc5 dxc5 11. f4 Na5 12. Be2 c4 13. Qd4 Qa6 14. Nd2 b5 15. b4 Nc6 16. Qc5 Qb6 17. a4 Rd8 18. Rfd1 Qxc5+ 19. bxc5 b4 20. cxb4 Nxb4 21. Nxc4 Ba6 22. Kf2 Kf8 23. Rab1 Na2 24. Rd3 Rxd3 25. Bxd3 Nc3 26. Rb4 Rd8 27. Ke3 Nd1+ 28. Ke2 Nc3+ 29. Ke3 Nd1+ 30. Ke2 Nc3+ 1/2-1/2

[Event "Guimaraes Open 2019"]
[Site "Guimaraes"]
[Date "2019.08.29"]
[Round "2.24"]
[White "Reboredo Martinez, Claudio"]
[Black "Lopez Quevedo, Eduardo"]
[Result "0-1"]
[ECO "B32"]
[WhiteElo "1931"]
[BlackElo "2188"]
[Annotator "NA"]
[PlyCount "43"]
[EventDate "2019.08.28"]
[EventType "swiss"]
[EventCountry "POR"]
[SourceTitle "playchess.com"]
[Source "ChessBase"]
[SourceQuality "1"]
[TimeControl "5400+30"]

1. e4 c5 2. Nf3 Nc6 3. d4 cxd4 4. Nxd4 e5 5. Nb5 d6 6. c4 Be7 7. Bd3 Be6 8. N1c3 a6 9. Na3 Bg5 10. Nd5 Rc8 11. O-O Bxc1 12. Rxc1 Qg5 13. Qb3 Nge7 14. Qxb7 Bh3 15. Ne3 O-O 16. Qb3 Rb8 17. Qc3 Nd4 18. Rfd1 f5 19. exf5 Nexf5 20. Bf1 Nh4 21. Nac2 Bxg2 22. Nxg2 0-1

[Event "Guimaraes Open 2019"]
[Site "Guimaraes"]
[Date "2019.08.29"]
[Round "2.25"]
[White "Garcia Romero, Benjamin Abel"]
[Black "Silva, Tiago Alexandre Pinh"]
[Result "1-0"]
[ECO "E06"]
[WhiteElo "2164"]
[BlackElo "1833"]
[Annotator "NA"]
[PlyCount "57"]
[EventDate "2019.08.28"]
[EventType "swiss"]
[EventCountry "POR"]
[SourceTitle "playchess.com"]
[Source "ChessBase"]
[SourceQuality "1"]
[TimeControl "5400+30"]

1. d4 d5 2. c4 e6 3. Nf3 Nf6 4. g3 Be7 5. Bg2 O-O 6. O-O dxc4 7. Qc2 a6 8. Qxc4 b5 9. Qc2 Bb7 10. Bd2 Be4 11. Qc1 b4 12. a3 Nc6 13. Be3 Na5 14. Nbd2 Bd5 15. Qc2 Nb7 16. axb4 Bxb4 17. Rfc1 c6 18. Bg5 Bxd2 19. Qxd2 Nd6 20. Qd3 Be4 21. Qd1 h6 22. Bd2 Nb5 23. e3 g5 24. Ba5 Qd6 25. Bf1 Nd7 26. Nd2 Bd5 27. Ra4 c5 28. dxc5 Qc6 29. e4 1-0

[Event "Guimaraes Open 2019"]
[Site "Guimaraes"]
[Date "2019.08.29"]
[Round "2.26"]
[White "Donadio Falcon, Pablo"]
[Black "Garcia Gimenez, Santiago"]
[Result "1/2-1/2"]
[ECO "C47"]
[WhiteElo "1925"]
[BlackElo "2161"]
[Annotator "NA"]
[PlyCount "84"]
[EventDate "2019.08.28"]
[EventType "swiss"]
[EventCountry "POR"]
[SourceTitle "playchess.com"]
[Source "ChessBase"]
[SourceQuality "1"]
[TimeControl "5400+30"]

1. e4 e5 2. Nf3 Nc6 3. Nc3 Nf6 4. d4 exd4 5. Nxd4 Bb4 6. Nxc6 bxc6 7. Bd3 d5 8. exd5 cxd5 9. O-O O-O 10. Bg5 c6 11. Qf3 Bd6 12. h3 Rb8 13. Rab1 Be6 14. Ne2 h6 15. Bf4 c5 16. Bxd6 Qxd6 17. c3 Bd7 18. b3 Bc6 19. Qf4 Qxf4 20. Nxf4 Ne4 21. Rbc1 g5 22. Ne2 a5 23. f3 Nd6 24. Rb1 Rfe8 25. Kf2 f5 26. g3 Rb7 27. Rfe1 Kf7 28. Ng1 Rxe1 29. Rxe1 Kf6 30. Ne2 a4 31. Rb1 axb3 32. axb3 Ra7 33. Rb2 Nf7 34. b4 Ne5 35. Bb1 Nc4 36. Ra2 Rxa2 37. Bxa2 cxb4 38. Bxc4 dxc4 39. cxb4 Bb7 40. Ke3 h5 41. Kf2 f4 42. gxf4 gxf4 1/2-1/2

[Event "Guimaraes Open 2019"]
[Site "Guimaraes"]
[Date "2019.08.29"]
[Round "2.27"]
[White "Bertomeu Ginestar, Antoni"]
[Black "Torrijos Garcia, Borja"]
[Result "1/2-1/2"]
[ECO "B92"]
[WhiteElo "1883"]
[BlackElo "2153"]
[Annotator "NA"]
[PlyCount "71"]
[EventDate "2019.08.28"]
[EventType "swiss"]
[EventCountry "POR"]
[SourceTitle "playchess.com"]
[Source "ChessBase"]
[SourceQuality "1"]
[TimeControl "5400+30"]

1. e4 c5 2. Nf3 d6 3. d4 cxd4 4. Nxd4 Nf6 5. Nc3 a6 6. Be2 e5 7. Nb3 b5 8. Bg5 Nbd7 9. Nd5 Bb7 10. O-O Bxd5 11. exd5 Be7 12. Bxf6 Bxf6 13. c3 Qb6 14. Bg4 Nc5 15. Nxc5 Qxc5 16. Rc1 a5 17. c4 O-O 18. cxb5 Qxb5 19. b3 Bg5 20. Rc6 f5 21. Be2 Qb4 22. Qc2 e4 23. f3 Be3+ 24. Kh1 Bc5 25. Rc7 Qd4 26. Re7 exf3 27. Bxf3 a4 28. bxa4 Rxa4 29. Qe2 Raa8 30. Qe6+ Kh8 31. Rf7 Rxf7 32. Qxf7 Qf6 33. Qb7 Re8 34. Qd7 Ra8 35. Qb7 Re8 36. Qd7 1/2-1/2

[Event "Guimaraes Open 2019"]
[Site "Guimaraes"]
[Date "2019.08.29"]
[Round "2.28"]
[White "Prado Acebo, Ines"]
[Black "Raro Gualda, Javier"]
[Result "1-0"]
[ECO "A61"]
[WhiteElo "2142"]
[BlackElo "1824"]
[Annotator "NA"]
[PlyCount "93"]
[EventDate "2019.08.28"]
[EventType "swiss"]
[EventCountry "POR"]
[SourceTitle "playchess.com"]
[Source "ChessBase"]
[SourceQuality "1"]
[TimeControl "5400+30"]

1. d4 Nf6 2. c4 e6 3. Nc3 c5 4. d5 exd5 5. cxd5 d6 6. Nf3 g6 7. h3 Bg7 8. Bf4 a6 9. a4 O-O 10. e3 Qe7 11. Bd3 Nbd7 12. O-O Nh5 13. Bh2 Ne5 14. Be2 Nxf3+ 15. Bxf3 Nf6 16. a5 Bd7 17. Qb3 Rab8 18. Rfe1 Rfd8 19. Kh1 Ne8 20. Be2 f5 21. Bd3 Nf6 22. f3 Be8 23. Qb6 Bf7 24. Bc4 Bf8 25. Qb3 Bg7 26. Rad1 Qc7 27. Ra1 Qe7 28. Re2 Qd7 29. Qb6 Nh5 30. g4 fxg4 31. hxg4 Nf6 32. e4 Qe7 33. e5 dxe5 34. Rxe5 Qf8 35. Qb3 Nd7 36. Re3 b5 37. axb6 Rxb6 38. Qc2 Bd4 39. Re4 Nf6 40. Re2 Re8 41. Rxa6 Rxa6 42. Bxa6 Nxd5 43. Bb5 Ne3 44. Qc1 Re7 45. Ne4 Nd5 46. Bd6 Qe8 47. Bh2 1-0

[Event "Guimaraes Open 2019"]
[Site "Guimaraes"]
[Date "2019.08.29"]
[Round "2.29"]
[White "Diaz Gomez, Mateo"]
[Black "Patino Romaris, Juan Roberto"]
[Result "0-1"]
[ECO "C02"]
[WhiteElo "1851"]
[BlackElo "2141"]
[Annotator "NA"]
[PlyCount "132"]
[EventDate "2019.08.28"]
[EventType "swiss"]
[EventCountry "POR"]
[SourceTitle "playchess.com"]
[Source "ChessBase"]
[SourceQuality "1"]
[TimeControl "5400+30"]

1. e4 e6 2. d4 d5 3. e5 c5 4. dxc5 Nc6 5. Nf3 f6 6. exf6 Nxf6 7. Bf4 Bxc5 8. Bd3 Qb6 9. O-O Qxb2 10. Nbd2 O-O 11. Nb3 Qa3 12. Bc1 Qb4 13. a4 Be7 14. Ba3 Qf4 15. Bxe7 Nxe7 16. Qe2 Nc6 17. Rfe1 Qd6 18. Nbd4 Re8 19. Nb5 Qb8 20. Ne5 a6 21. Nc3 Nxe5 22. Qxe5 Qxe5 23. Rxe5 Bd7 24. Rb1 Rac8 25. Ne2 Rc7 26. Nd4 Ng4 27. Rg5 e5 28. Nf5 Bxf5 29. Bxf5 Nh6 30. Bd3 Nf7 31. Rh5 g6 32. Rh3 e4 33. Bf1 Ne5 34. Rhb3 Ree7 35. R1b2 Kf7 36. Be2 Ke8 37. Rb4 Kd8 38. Rb6 Kc8 39. Rd6 Rc5 40. h4 Ra5 41. Rb3 Rc5 42. Rb2 Nc6 43. h5 Kc7 44. Rf6 Nd4 45. Bd1 Rc6 46. Rxc6+ Kxc6 47. Rb4 Kc5 48. c3 Nc6 49. Rb1 Kc4 50. hxg6 hxg6 51. Bb3+ Kc5 52. Rd1 Rd7 53. Kf1 Na5 54. Ba2 Nc4 55. Rd4 b5 56. axb5 axb5 57. Ke2 Ra7 58. Bxc4 bxc4 59. Rd2 Ra3 60. Rc2 d4 61. cxd4+ Kxd4 62. Kd2 c3+ 63. Ke2 Ra1 64. f4 exf3+ 65. Kxf3 Kd3 66. Re2 Rf1+ 0-1

[Event "Guimaraes Open 2019"]
[Site "Guimaraes"]
[Date "2019.08.29"]
[Round "2.30"]
[White "Monteiro, Paulo Alexandre Gome"]
[Black "Rodrigues, Afonso"]
[Result "0-1"]
[ECO "A06"]
[WhiteElo "1818"]
[BlackElo "2134"]
[Annotator "NA"]
[PlyCount "61"]
[EventDate "2019.08.28"]
[EventType "swiss"]
[EventCountry "POR"]
[SourceTitle "playchess.com"]
[Source "ChessBase"]
[SourceQuality "1"]
[TimeControl "5400+30"]

1. Nf3 d5 2. g3 Nf6 3. Bg2 c6 4. O-O Bf5 5. d3 h6 6. b3 e6 7. Bb2 Be7 8. Nbd2 O-O 9. Re1 Bh7 10. e4 a5 11. a4 Na6 12. e5 Nd7 13. Nd4 Qb6 14. Bh3 Nc7 15. N2f3 c5 16. Ne2 Rad8 17. Ba3 f6 18. Nf4 fxe5 19. Nxe5 Nxe5 20. Rxe5 Bf6 21. Rxe6 Nxe6 22. Nxe6 Rc8 23. d4 Bxd4 24. Nxd4 cxd4 25. Bxc8 Rxc8 26. Qh5 Qe6 27. Qh4 Be4 28. Bb2 Qf5 29. f4 Rc4 30. Bxd4 Rxc2 {[%emt 0:00:00] Kg2 Rxg2} 31. Qe7 0-1

[Event "Guimaraes Open 2019"]
[Site "Guimaraes"]
[Date "2019.08.29"]
[Round "2.31"]
[White "Bukhteeva, Viktoria"]
[Black "Andrade, Ricardo Sarmento"]
[Result "1-0"]
[ECO "A45"]
[WhiteElo "2128"]
[BlackElo "1756"]
[Annotator "NA"]
[PlyCount "47"]
[EventDate "2019.08.28"]
[EventType "swiss"]
[EventCountry "POR"]
[SourceTitle "playchess.com"]
[Source "ChessBase"]
[SourceQuality "1"]
[TimeControl "5400+30"]

1. d4 Nf6 2. Bf4 e6 3. e3 b6 4. Nf3 Nh5 5. Bg3 Nxg3 6. hxg3 Bb7 7. Bd3 g6 8. Nbd2 Bg7 9. Qe2 d6 10. c3 Nd7 11. O-O-O c5 12. Bc2 Qc7 13. Kb1 O-O 14. Ne4 cxd4 15. exd4 a5 16. Bd3 a4 17. a3 b5 18. Ka1 Rfb8 19. Qe3 Nb6 20. Qf4 Nd5 21. Qxd6 Qa5 22. Qd7 Bc8 23. Qe8+ Bf8 24. Rxh7 1-0

[Event "Guimaraes Open 2019"]
[Site "Guimaraes"]
[Date "2019.08.29"]
[Round "2.32"]
[White "Giraldo Guerrero, Laureano"]
[Black "Pintor, Simao Maciel Abranch"]
[Result "0-1"]
[ECO "B27"]
[WhiteElo "1763"]
[BlackElo "2076"]
[Annotator "NA"]
[PlyCount "60"]
[EventDate "2019.08.28"]
[EventType "swiss"]
[EventCountry "POR"]
[SourceTitle "playchess.com"]
[Source "ChessBase"]
[SourceQuality "1"]
[TimeControl "5400+30"]

1. e4 c5 2. Nf3 g6 3. b3 Bg7 4. Nc3 Nf6 5. Rb1 Nc6 6. Bb2 O-O 7. Be2 d5 8. Nxd5 Nxe4 9. Bxg7 Kxg7 10. Nc3 Nxc3 11. dxc3 Bf5 12. Qxd8 Rfxd8 13. Rc1 Rac8 14. O-O a6 15. h3 e5 16. g4 Be6 17. Ng5 Bd5 18. f3 f6 19. Ne4 Ne7 20. Rcd1 g5 21. Ng3 Be6 22. Rxd8 Rxd8 23. Ne4 b6 24. c4 Ng6 25. Bd3 Nf4 26. Nf2 h5 27. gxh5 Bxh3 28. Rd1 Be6 29. Ng4 Bxg4 30. fxg4 e4 0-1

[Event "Guimaraes Open 2019"]
[Site "Guimaraes"]
[Date "2019.08.29"]
[Round "2.33"]
[White "Hernandez Torralba, Jose Joaquin"]
[Black "Barrento, Jorge Maria Lopes"]
[Result "1/2-1/2"]
[ECO "B01"]
[WhiteElo "2061"]
[BlackElo "1745"]
[Annotator "NA"]
[PlyCount "128"]
[EventDate "2019.08.28"]
[EventType "swiss"]
[EventCountry "POR"]
[SourceTitle "playchess.com"]
[Source "ChessBase"]
[SourceQuality "1"]
[TimeControl "5400+30"]

1. e4 d5 2. exd5 Nf6 3. d4 Bg4 4. Nf3 Qxd5 5. Be2 e6 6. O-O Nc6 7. Bf4 Qd7 8. h3 Bh5 9. c3 Be7 10. b4 a6 11. Na3 Nd5 12. Bd2 O-O 13. Nc4 Bf6 14. a3 Rfe8 15. Re1 Rad8 16. Qb3 Qc8 17. Rad1 Nde7 18. Nce5 Bxe5 19. dxe5 Rd7 20. g4 Bg6 21. c4 Red8 22. Bc3 Bd3 23. Bf1 Bxf1 24. Kxf1 Ng6 25. Qc2 Nf4 26. Bd2 Ng6 27. h4 Nd4 28. Nxd4 Rxd4 29. h5 Nf8 30. Bg5 R8d7 31. h6 Ng6 32. hxg7 Rxg4 33. Rxd7 Qxd7 34. Rd1 Rd4 35. Re1 Qc6 36. Be3 Rxc4 37. Qd3 Kxg7 38. Qd8 Nxe5 39. Qg5+ Ng6 40. Qh6+ Kg8 41. Rd1 Qe8 42. Bg5 Ne7 43. Rd3 Rg4 44. Qh5 Qb5 45. Qxg4 Qxd3+ 46. Kg1 Qf5 47. Qg3 Ng6 48. Be3 Qb1+ 49. Kh2 Qe4 50. Kg1 Qb1+ 51. Kh2 Qe4 52. Kg1 Qe5 53. Qg2 c6 54. Qg4 Qf5 55. Qd4 h5 56. Kf1 Qg4 57. Qd7 h4 58. Bd4 Qd1+ 59. Kg2 h3+ 60. Kxh3 Qf3+ 61. Kh2 e5 62. Be3 Nf4 63. Qe8+ Kh7 64. Qxf7+ Kh8 1/2-1/2